 Dungeon Crawl Stone Soup version 0.28-a0-819-g6ef7baa362 (webtiles) character file.

Game seed: 9117874528725823411

3708 iamoutofideas the Thaumaturge (level 9, -2/59 HPs)
             Began as a Demonspawn Fire Elementalist on Nov 9, 2021.
             Was a Believer of Vehumet.
             Slain by a two-headed ogre (23 damage)
             ... on level 9 of the Dungeon.
             The game lasted 00:14:43 (10907 turns).

iamoutofideas the Thaumaturge (DsFE)               Turns: 10907, Time: 00:14:43

Health: -2/59      AC: 10    Str: 15    XL:     9   Next: 91%
Magic:  6/22       EV: 13    Int: 19    God:    Vehumet [**....]
Gold:   434        SH:  0    Dex: 14    Spells: 15/26 levels left

rFire   . . .      SeeInvis .   u - staff of conjuration
rCold   . . .      Faith    .   (no shield)
rNeg    . . .      Spirit   .   c - +0 steam dragon scales
rPois   .          Reflect  .   (no helmet)
rElec   .          Harm     .   (no cloak)
rCorr   +          Rampage  .   k - +0 pair of gloves
Will    .....                   t - +0 pair of boots
Stlth   ++........              w - amulet of magic regeneration
HPRegen 0.19/turn               e - +6 ring of strength
MPRegen 0.43/turn               x - ring of resist corrosion

@: very slightly contaminated
A: thin metallic scales 2, demonic touch 1
a: Renounce Religion


You were on level 9 of the Dungeon.
You worshipped Vehumet.
Vehumet was pleased with you.
You visited 2 branches of the dungeon, and saw 10 of its levels.

You collected 434 gold pieces.

Inventory:

Hand Weapons
 r - a +1 hand axe of electrocution
Missiles
 g - 45 poisoned darts
Armour
 a - a +0 robe
 c - +0 steam dragon scales (worn)
 d - a +0 buckler
 k - a +0 pair of gloves (worn)
 t - a +0 pair of boots (worn)
Magical Staves
 u - a staff of conjuration (weapon)
Jewellery
 e - a +6 ring of strength (left hand)
 w - an amulet of magic regeneration (around neck)
 x - a ring of resist corrosion (right hand)
Wands
 o - a wand of acid (18)
 s - a wand of polymorph (11)
 y - a wand of iceblast (8)
Scrolls
 b - 2 scrolls of fog
 j - 2 scrolls of holy word {unknown}
 l - a scroll of teleportation
 p - a scroll of brand weapon
 q - a scroll of amnesia
 v - 5 scrolls of identify
 A - a scroll of vulnerability {unknown}
Potions
 f - 3 potions of lignification
 h - 5 potions of curing
 i - a potion of heal wounds
 m - 2 potions of degeneration
 n - 2 potions of attraction {unknown}
 z - a potion of cancellation
 B - 2 potions of haste {unknown}


   Skills:
 + Level 1.0 Fighting
 + Level 3.4 Dodging
 - Level 1.8 Stealth
 + Level 9.0 Spellcasting
 + Level 6.9 Conjurations
 + Level 7.1 Fire Magic


You had 15 spell levels left.
You knew the following spells:

 Your Spells              Type           Power      Damage    Failure   Level
a - Foxfire               Conj/Fire      100%       2x1d9     1%          1
b - Scorch                Fire           70%        2d9       1%          2
c - Conjure Flame         Conj/Fire      52%        6-21      1%          3
d - Flame Wave            Conj/Fire      52%        3d10      4%          4
e - Shock                 Conj/Air       100%       1d9       1%          1

Your spell library contained the following spells:

 Spells                   Type           Power      Damage    Failure   Level
 Sandblast                Erth           16%        2d6       9%          1
 Inner Flame              Hex/Fire       22%        N/A       5%          3
 Sublimation of Blood     Necr           8%         N/A       12%         2
 Irradiate                Conj/Tmut      16%        3d18      50%         5
 Petrify                  Tmut/Erth      8%         N/A       63%         4


Dungeon Overview and Level Annotations

Branches:
Dungeon (9/15)             Temple (1/1) D:5
   Lair: D:8-11         Orc: D:9-12

Altars:
Ashenzari
Cheibriados
Dithmenos
Elyvilon
Fedhas
Gozag
Hepliaklqana
Kikubaaqudgha
Makhleb
Nemelex Xobeh
Okawaru
Qazlal
Ru
Sif Muna
Trog
Uskayaw
Vehumet
Wu Jian
Xom
Yredelemnul
Zin
The Shining One

Shops:
D:4 :   D:8 *

Annotations:
D:4 exclusion: 2 downstairs
D:5 2 headed ogre here
D:6 1 runed translucent door, exclusion: downstairs


Innate Abilities, Weirdness & Mutations

You are mostly covered in thin metallic scales. (AC +3)
Your touch may inflict minor irresistible damage on your foes.


Message History

The two-headed ogre is lightly wounded.
Unknown command.
Your foxfire dissipates!
Your surroundings suddenly seem different.
An orc and an orc priest come into view.
The orc shouts!
The orc priest shouts!
You hear a bellow! x4
Casting: Foxfire (safe; 1% risk of failure)
Confirm with . or Enter, or press ? or * to list all spells.
Casting: Flame Wave (dangerous; 4% risk of failure)
Press: ? - help, Dir - look around, f - activate You feel a surge of power!
You miscast Flame Wave.
You are very lightly contaminated with residual magic.
Nothing appears to happen.
You hear a bellow! x2
Unknown command.
Casting: Flame Wave (dangerous; 4% risk of failure)
Confirm with . or Enter, or press ? or * to list all spells.
Casting: Flame Wave (dangerous; 4% risk of failure)
Press: ? - help, Dir - look around, f - activate You feel a surge of power!
A wave of flame ripples out!
The flame wave engulfs the orc priest!!
You kill the orc priest!
Vehumet accepts your kill.
The flame wave engulfs the orc!!
You kill the orc!
Vehumet accepts your kill. (Press . to intensify the flame waves.)
You hear a bellow!
You hear two shouts!
You hear a shout!
A yak comes into view.
Unknown command.
A yak is nearby!
A deep elf pyromancer comes into view. It is wielding a +0 long sword.
As you read the scroll of teleportation, it crumbles to dust.
You feel strangely unstable.
The deep elf pyromancer mumbles some strange words.
A yak comes into view.
Your surroundings suddenly seem different.
The howler monkey hoots and howls with incredible vigour!
The two-headed ogre hits you with a +0 giant club!!
You die...

............#####
..............#
..............# .
#########..............#
#....
#.......#..............#
.....
#.......#..########....#
..... #.......#.. #....#
..... #.......#..# #..###
..... #.#####@#..# #..#
..... #.# #O##.# #..# .##..
#.# #h.#.# #..# ## . #)#
#..#.# #..# .... #.# #..#.#
#..# .... #.# #..#.# #..#
..... #.#####..#.##### #..#
..... #........#.....# #..#
......#.....h.)#.....####..#


You could see a two-headed ogre and a howler monkey (catching breath).

Vanquished Creatures
  Pikel (D:9)
  A troll (D:9)
  A slime creature (D:9)
  A wyvern (D:9)
  2 steam dragons (D:7)
  2 water moccasins
  3 orc warriors
  A black bear (D:6)
  3 necrophages
  4 ogres
  A centaur (D:9)
  A kobold brigand (D:9)
  2 lemures (D:9)
  A bullfrog (D:6)
  A scorpion (D:5)
  A water moccasin skeleton (D:5)
  3 howler monkeys
  2 electric eels (D:7)
  A centaur zombie (D:8)
  A bullfrog skeleton (D:4)
  5 hounds
  2 orc priests
  A centaur skeleton (D:7)
  A jelly (D:5)
  5 orc wizards
  Ijyb (D:5)
  2 iguanas (D:4)
  2 killer bee zombies
  A hound zombie (D:5)
  A howler monkey zombie (D:9)
  A gnoll (D:7)
  6 adders
  5 worms
  2 dart slugs
  10 orcs
  8 endoplasms
  3 giant cockroaches
  8 goblins
  11 hobgoblins
  12 jackals
  6 quokkas
  14 ball pythons
  8 bats
  5 frilled lizards
  8 kobolds
  5 rats
166 creatures vanquished.

Vanquished Creatures (collateral kills)
  4 foxfires (D:7)
4 creatures vanquished.

Vanquished Creatures (others)
  A goblin (D:1)
  790 foxfires
  6 plants (D:7)
797 creatures vanquished.

Grand Total: 967 creatures vanquished

Notes
Turn   | Place    | Note
-------+----------+-------------------------------------------
     0 | D:1      | iamoutofideas the Demonspawn Fire Elementalist began the
                  | quest for the Orb.
     0 | D:1      | Reached XP level 1. HP: 13/13 MP: 3/3
   312 | D:1      | Gained mutation: You are partially covered in thin metallic
                  | scales. (AC +2) [demonic ancestry]
   312 | D:1      | Reached XP level 2. HP: 3/19 MP: 0/5
   315 | D:1      | Learned a level 2 spell: Scorch
   827 | D:1      | Found a faded altar of an unknown god.
  1335 | D:1      | Reached XP level 3. HP: 24/24 MP: 2/6
  1580 | D:2      | Learned a level 3 spell: Conjure Flame
  1978 | D:2      | Reached skill level 3 in Spellcasting
  2595 | D:2      | Gained mutation: Your touch may inflict minor irresistible
                  | damage on your foes. [demonic ancestry]
  2595 | D:2      | Reached XP level 4. HP: 29/30 MP: 4/8
  4122 | D:3      | Found a radiant altar of Vehumet.
  4249 | D:3      | Became a worshipper of Vehumet
  4566 | D:4      | Found Boiczoess's Book Emporium.
  4577 | D:4      | Reached XP level 5. HP: 24/35 MP: 1/10
  5220 | D:4      | Reached skill level 4 in Spellcasting
  5785 | D:5      | Entered Level 5 of the Dungeon
  5817 | D:5      | Noticed an ogre
  5823 | D:5      | Killed an ogre
  5824 | D:5      | Gained mutation: You are mostly covered in thin metallic
                  | scales. (AC +3) [demonic ancestry]
  5824 | D:5      | Reached XP level 6. HP: 41/41 MP: 3/13
  5962 | D:5      | Found a staircase to the Ecumenical Temple.
  5971 | D:5      | Noticed Ijyb
  5975 | D:5      | Reached skill level 5 in Spellcasting
  5979 | D:5      | Killed Ijyb
  5979 | D:5      | Reached * piety under Vehumet
  5979 | D:5      | Offered knowledge of Shock by Vehumet.
  6054 | Temple   | Entered the Ecumenical Temple
  6343 | D:5      | Noticed an orc warrior
  6344 | D:5      | Noticed a water moccasin
  6358 | D:4      | Learned a level 4 spell: Flame Wave
  6421 | D:5      | Killed a water moccasin
  6422 | D:5      | Reached XP level 7. HP: 46/46 MP: 9/15
  6587 | D:5      | Found a burning altar of Makhleb.
  6632 | D:5      | Reached skill level 6 in Spellcasting
  6863 | D:5      | Noticed a two-headed ogre
  7323 | D:6      | Reached XP level 8. HP: 52/52 MP: 11/18
  7589 | D:6      | Found a runed translucent door.
  7647 | D:6      | Reached skill level 7 in Spellcasting
  7926 | D:6      | Found a hazy altar of Hepliaklqana.
  7978 | D:6      | You fall into a shaft and drop 1 floor!
  8191 | D:6      | Learned a level 1 spell: Shock
  8217 | D:7      | Reached skill level 5 in Fire Magic
  8561 | D:7      | Reached skill level 5 in Conjurations
  9094 | D:7      | Found an opulent altar of Gozag.
  9197 | D:7      | Found a snail-covered altar of Cheibriados.
  9355 | D:8      | Reached XP level 9. HP: 51/58 MP: 11/20
  9601 | D:8      | Found Zin's Purification Station.
 10080 | D:9      | Noticed Pikel
 10086 | D:9      | Killed Pikel
 10086 | D:9      | Offered knowledge of Sandblast by Vehumet.
 10087 | D:9      | Reached skill level 1 in Fighting
 10087 | D:9      | Reached skill level 8 in Spellcasting
 10088 | D:9      | Noticed a red ugly thing
 10783 | D:9      | Reached ** piety under Vehumet
 10878 | D:9      | Noticed a troll
 10885 | D:9      | Noticed a two-headed ogre
 10886 | D:9      | Killed a troll
 10887 | D:9      | Reached skill level 9 in Spellcasting
 10904 | D:9      | Noticed a deep elf pyromancer
 10907 | D:9      | Slain by a two-headed ogre

Illustrated notes

Levels and vault maps discovered:
D:1:      psy_arrival_dodecagon, layout_loops_ring,
          ebering_ecumenical_altar_ruins, nrook_campfire,
          minmay_misc_feat_plants, kennysheep_flooded_box,
          minmay_close_crescents
D:2:      layout_loops_cross
D:3:      layout_basic, mainiacjoe_overflow_alcove_4, grunt_decor_resistance
D:4:      layout_loops_cross, serial_shops, nicolae_shop_stone
D:5:      wander_river, layout_rooms, mainiacjoe_overflow_alcove_2,
          minmay_temple_entry_mist, uniq_ijyb
D:6:      layout_basic, mainiacjoe_overflow_surrounded_room,
          lightli_church_of_beogh
D:7:      layout_rooms, kennysheep_slug_shrine, kennysheep_mini_moat,
          serial_bayou, serial_bayou_pond_a, serial_bayou_crossing,
          serial_bayou_pond_b, serial_bayou_pond_d, serial_bayou_pond_c
D:8:      layout_loops_ring, zin_purify
D:9:      minmay_ornate_pinched, layout_irregular_city, serial_shops,
          shop_statue, uniq_pikel
Temple:   eino_temple_scatter_basement

Skill      XL: |  1  2  3  4  5  6  7  8  9 |
---------------+----------------------------+-----
Dodging        | 2 3 |  3.4
Fire Magic     | 3 4 5 7 |  7.1
Spellcasting   | 3 4 5 6 7 9 |  9.0
Conjurations   | 2 3 4 5 6 |  6.9
Fighting       | 1 |  1.0
Stealth        | |  1.8

Action                   |  1- 3 |  4- 6 |  7- 9 || total
-------------------------+-------+-------+-------++-------
Melee: Unarmed           |    27 |    29 |     5 ||    61
       Touch             |       |     6 |       ||     6
       Hand axe          |       |       |     1 ||     1
 Cast: Foxfire           |    99 |   188 |   198 ||   485
       Scorch            |    10 |    11 |    24 ||    45
       Flame Wave        |       |       |    12 ||    12
  Use: Scroll            |       |     2 |     9 ||    11
       Potion            |       |       |     2 ||     2
 Stab: Sleeping          |       |     1 |       ||     1
Armor: Robe              |    16 |    27 |     3 ||    46
       Skin              |       |       |     2 ||     2
       Steam dragon scal |       |       |     7 ||     7
Dodge: Dodged            |    56 |    53 |    47 ||   156

Table legend: (Time is in decaauts)
 A = Elapsed time spent in this place.
 B = Non-inter-level travel time spent in this place.
 C = Inter-level travel time spent in this place.
 D = Time resting spent in this place.
 E = Time spent auto-exploring this place.
 F = Levels seen in this place.
 G = Mean time per level.
                   A        B        C        D        E       F      G
               +--------+--------+--------+--------+--------+-----+--------+
         Total |  10954 |  10478 |    476 |   2041 |   6924 |  10 | 1095.4 |
       Dungeon |  10692 |  10234 |    458 |   2041 |   6695 |   9 | 1188.0 |
        Temple |    261 |    243 |     18 |      0 |    229 |   1 |  261.0 |
               +--------+--------+--------+--------+--------+-----+--------+

Top non-repeatable levels by time:
     D:1: 1892 daAuts
     D:4: 1452 daAuts
     D:6: 1438 daAuts
     D:2: 1395 daAuts
     D:3: 1279 daAuts
     D:8: 1191 daAuts
     D:5: 954 daAuts
     D:7: 673 daAuts
     D:9: 414 daAuts
  Temple: 261 daAuts
